 Dungeon Crawl Stone Soup version 0.31-a0-986-g5e6e4ef867 (webtiles) character file.

Game seed: 4729439352910172601

30 Curundu the Firebug (level 3, -2/26 HPs)
             Began as a Draconian Fire Elementalist on Nov 18, 2023.
             Slain by Terence
             ... wielding a +0 trident
              (4 damage)
             ... on level 2 of the Dungeon.
             The game lasted 00:11:32 (1190 turns).

Curundu the Firebug (Draconian Fire Elementalist)   Turns: 1190, Time: 00:11:32

Health: -2/26      AC:  5    Str: 10    XL:     3   Next: 5%
Magic:  4/6        EV: 12    Int: 15    God:
Gold:   93         SH:  0    Dex: 13    Spells: 5/6 levels left

rFire   . . .        (no weapon)
rCold   . . .        (no shield)
rNeg    . . .        (body armour unavailable)
rPois   .            (helmet restricted)
rElec   .            (no cloak)
rCorr   .            (no gloves)
SInv    .            (no boots)
Will    .....        (no amulet)
Stlth   ++           (no ring)
HPRegen 0.24/turn    (no ring)
MPRegen 0.10/turn

%: no passive effects
@: no status effects
A: AC +5, unfitting armour, cold-blooded
a: no special abilities


You were on level 2 of the Dungeon.
You visited 1 branch of the dungeon, and saw 2 of its levels.

You collected 93 gold pieces.

Inventory:

Scrolls
 b - 2 scrolls of fear {unknown}
 c - a scroll of noise {unknown}
 g - a scroll of identify {unknown}
Potions
 a - a potion of magic
 d - a potion of haste {unknown}
 e - a potion of heal wounds {unknown}
 f - a potion of curing {unknown}


   Skills:
 + Level 2.0 Dodging
 + Level 2.1 Stealth
 + Level 0.8 Unarmed Combat
 + Level 2.2 Spellcasting
 + Level 1.2 Conjurations
 + Level 3.3 Fire Magic


You had 5 spell levels left.
You knew the following spells:

 Your Spells              Type           Power      Damage    Failure   Level
a - Foxfire               Conj/Fire      32%        2x1d5     9%          1

Your spell library contained the following spells:

 Spells                   Type           Power      Damage    Failure   Level
 Scorch                   Fire           22%        2d5       9%          2
 Inner Flame              Hex/Fire       6%         N/A       32%         3
 Volatile Blastmotes      Fire/Tloc      12%        2d11      32%         3
 Stone Arrow              Conj/Erth      6%         3d7       45%         3
 Flame Wave               Conj/Fire      8%         2d5       63%         4
 Lehudib's Crystal Spear  Conj/Erth      1%         10d2      100%        8
 Animate Armour           Summ/Erth      Unusable   N/A       N/A         4

Dungeon Overview and Level Annotations

Branches:
Dungeon (2/15)

Altars:

Annotations:
D:2 Terence


Innate Abilities, Weirdness & Mutations

Your plain brown scales are hard. (AC +5)
You cannot fit into any form of body armour.
You are cold-blooded and may be slowed by cold attacks.


Message History

* * * LOW HITPOINT WARNING * * *
You barely miss the quokka.
The quokka is heavily wounded.
Terence hits you but does no damage. The quokka misses you.
Your foxfire dissipates!
Casting: Foxfire (safe; 9% risk of failure)
Confirm with . or Enter, or press ? or * to list all spells.
You conjure some foxfire!
The quokka completely misses you. The quokka closely misses you.
Unknown command.
You hit the quokka.
The quokka is almost dead.
Terence barely misses you. The quokka closely misses you.
You closely miss the quokka.
The quokka is almost dead.
Terence misses you.
The quokka bites you but does no damage.
You closely miss the quokka.
Your tail-slap misses the quokka.
The quokka is almost dead.
Terence hits you but does no damage. The quokka misses you.
You hit the quokka.
You kill the quokka!
Terence barely misses you.
Your foxfire dissipates!
Terence attacks as he pursues you! Terence closely misses you.
Terence attacks as he pursues you!
Terence hits you from afar with a +0 trident.
* * * LOW HITPOINT WARNING * * *
Terence shouts, "Get ready for death!"
Terence hits you from afar with a +0 trident.
* * * LOW HITPOINT WARNING * * *
Unknown command.
Terence attacks as he pursues you!
Terence hits you from afar with a +0 trident.
* * * LOW HITPOINT WARNING * * *
Terence attacks as he pursues you! Terence closely misses you.
Terence attacks as he pursues you! Terence barely misses you.
Terence attacks as he pursues you!
Terence hits you from afar with a +0 trident.
You die...

#..# #.#
#..# #.#
#..# #.#
#..# #.#
#.## #.#
#.# #.#
#######.#
#^#
........#
#.#
##.....@#
...
#.####.# #
#@# #.#
#J#
#.########
#.l.J.l..#
#.######g#
#.# #.#


You could see Terence, an endoplasm and a frilled lizard.

Vanquished Creatures
  2 dart slugs (D:1)
  A bat (D:1)
  An endoplasm (D:1)
  A giant cockroach (D:1)
  2 goblins (D:1)
  A hobgoblin (D:2)
  3 quokkas
  3 ball pythons (D:1)
  2 frilled lizards (D:1)
  4 kobolds
  7 rats (D:1)
27 creatures vanquished.

Vanquished Creatures (others)
  28 foxfires (D:1)
28 creatures vanquished.

Grand Total: 55 creatures vanquished

Notes
Turn   | Place    | Note
-------+----------+-------------------------------------------
     0 | D:1      | Curundu the Draconian Fire Elementalist began the quest for
                  | the Orb.
     0 | D:1      | Reached XP level 1. HP: 14/14 MP: 3/3
   108 | D:1      | Reached XP level 2. HP: 20/20 MP: 5/5
  1146 | D:2      | Noticed Terence
  1161 | D:2      | Reached XP level 3. HP: 19/26 MP: 4/6
  1184 | D:2      | HP: 1/26 [Terence/+0 trident (2)]
  1190 | D:2      | Slain by Terence

Illustrated notes

Levels and vault maps discovered:
D:1:      lightli_arrival_statuegarden, layout_basic, minmay_misc_feat_iff
D:2:      layout_loops_ring, minmay_misc_feat_chi, minmay_pentomino_s2,
          uniq_terence

Skill      XL: |  1  2 |
---------------+-------+-----
Stealth        | 2 |  2.1
Dodging        | 2 |  2.0
Unarmed Combat | |  0.8
Spellcasting   | |  2.2
Conjurations   | |  1.2
Fire Magic     | |  3.3

Action                     || total
---------------------------++-------
  Melee: Unarmed           ||    89
         Tailslap          ||    12
         Punch             ||     1
   Cast: Foxfire           ||    24
 Armour: Skin              ||    60
  Dodge: Dodged            ||    74

Table legend: (Time is in decaauts)
 A = Elapsed time spent in this place.
 B = Non-inter-level travel time spent in this place.
 C = Inter-level travel time spent in this place.
 D = Time resting spent in this place.
 E = Time spent auto-exploring this place.
 F = Levels seen in this place.
 G = Mean time per level.
                   A        B        C        D        E       F      G
               +--------+--------+--------+--------+--------+-----+--------+
         Total |   1188 |   1188 |      0 |    204 |      0 |   2 |  594.0 |
       Dungeon |   1188 |   1188 |      0 |    204 |      0 |   2 |  594.0 |
               +--------+--------+--------+--------+--------+-----+--------+

Top non-repeatable levels by time:
     D:1: 1022 daAuts
     D:2: 166 daAuts
